 Dungeon Crawl Stone Soup version 0.28.0 (webtiles) character file.

Game seed: 1316567314639043185

14 testman the Sneak (level 2, 0/19 HPs)
             Began as a Kobold Delver on Feb 5, 2022.
             Slain by a river rat (6 damage)
             ... on level 5 of the Dungeon.
             The game lasted 00:01:03 (76 turns).

testman the Sneak (Kobold Delver)                     Turns: 76, Time: 00:01:03

Health: 0/19       AC:  3    Str:  9    XL:     2   Next: 55%
Magic:  2/2        EV: 14    Int: 11    God:
Gold:   11         SH:  0    Dex: 16    Spells: 1/1 levels left

rFire   . . .      SeeInvis .   a - +0 short sword
rCold   . . .      Faith    .   (no shield)
rNeg    . . .      Spirit   .   b - +0 leather armour
rPois   .          Reflect  .   (no helmet)
rElec   .          Harm     .   (no cloak)
rCorr   .          Rampage  .   (no gloves)
Will    .....                   (no boots)
Stlth   ++........              (no amulet)
HPRegen 0.06/turn               (no ring)
MPRegen 0.08/turn               (no ring)

@: very slow
A: small, no large weapons, nightstalker 3
a: no special abilities


You were on level 5 of the Dungeon.
You visited 1 branch of the dungeon, and saw 1 of its levels.

You collected 11 gold pieces.

Inventory:

Hand Weapons
 a - a +0 short sword (weapon)
Armour
 b - a +0 leather armour (worn)
Wands
 g - a wand of digging (3)
Scrolls
 c - a scroll of fog
 e - a scroll of fear
Potions
 f - a potion of haste


   Skills:
 + Level 3.3 Fighting
 + Level 2.7 Short Blades
 + Level 2.4 Dodging
 + Level 7.2 Stealth


You had one spell level left.
You didn't know any spells.
Your spell library was empty.

Dungeon Overview and Level Annotations

Branches:
Dungeon (5/15)
 Temple: D:4-7

Altars:

Portals:
Sewer: D:5


Innate Abilities, Weirdness & Mutations

You are small and have problems with some larger weapons.
You are completely attuned to the shadows.


Message History

The ball python constricts you.
The river rat twitches its whiskers.
Your unstable footing causes you to fumble your attack.
The ball python barely misses you. The ball python constricts you.
You hit the ball python.
You kill the ball python!
You hit the river rat.
The river rat is lightly wounded.
The river rat closely misses you.
Your unstable footing causes you to fumble your attack.
The river rat bites you but does no damage.
You closely miss the river rat.
The river rat is lightly wounded.
The river rat bites you!
You hit the river rat but do no damage.
The river rat is lightly wounded.
The river rat barely misses you.
Your unstable footing causes you to fumble your attack.
The river rat barely misses you.
You hit the river rat but do no damage.
The river rat is lightly wounded.
The river rat barely misses you.
You hit the river rat but do no damage.
The river rat is lightly wounded.
The river rat barely misses you.
Your unstable footing causes you to fumble your attack.
The river rat closely misses you.
You closely miss the river rat.
You punch the river rat, but do no damage.
The river rat is lightly wounded.
The river rat barely misses you.
Your unstable footing causes you to fumble your attack.
The river rat bites you.
* * * LOW HITPOINT WARNING * * *
Your unstable footing causes you to fumble your attack.
The river rat misses you.
You hit the river rat but do no damage.
The river rat is lightly wounded.
The river rat bites you.
You die...

,,..####.#
*#### #.##
#..# ##.##
#...#######
#.........#
#.......≈.#
##...≈††≈≈#
#...≈≈≈≈@#
#..≈≈###r#
#..≈≈#≈≈≈#
*,≈≈≈#≈∩≈#
*,≈≈≈+≈≈≈#
*****#####


You could see a river rat.

Vanquished Creatures
  A river rat (D:5)
  2 giant cockroaches (D:5)
  A ball python (D:5)
  A rat (D:5)
5 creatures vanquished.

Notes
Turn   | Place    | Note
-------+----------+-------------------------------------------
     0 | D:5      | testman the Kobold Delver began the quest for the Orb.
     0 | D:5      | Reached XP level 1. HP: 14/14 MP: 1/1
    32 | D:5      | Reached skill level 7 in Stealth
    32 | D:5      | Reached XP level 2. HP: 19/19 MP: 2/2
    44 | D:5      | Found a glowing drain.
    76 | D:5      | Slain by a river rat

Illustrated notes

Levels and vault maps discovered:
D:5:      layout_basic, portal_sewer_entry_e

Skill      XL: |  1 |
---------------+----+-----
Stealth        | 7 |  7.2
Fighting       | |  3.3
Short Blades   | |  2.7
Dodging        | |  2.4

Action                   || total
-------------------------++-------
Melee: Short sword       ||    35
       Punch             ||     1
  Use: Scroll            ||     1
 Stab: Sleeping          ||     2
Armor: Leather armour    ||     4
Dodge: Dodged            ||    33
